[ AOE2 MATCH · #507017428 ]
UnrankedTupi vs Mongols
Player's team · LOSS
Rival team · WIN
[ REPLAY ANALYSIS · EXTRACTED FROM THE RECORDED GAME ]
Feudal
13:55
Castle
19:04
Imperial
38:29
| APM avg | 52.2 |
| APM peak | 108 |
| eAPM avg | 29.1 |
| Villagers / military | 208 / 25 |
Focus
⚔️ 41.0% · 🌾 59.0%
Unknown (2579) ×96 · Unknown (2550) ×27 · Fishing Ship ×25 · Unknown (2626) ×23 · Spearman ×22 · Monk ×1
Feudal
12:59
Castle
16:42
Imperial
31:45
| APM avg | 61.2 |
| APM peak | 129 |
| eAPM avg | 27.9 |
| Villagers / military | 137 / 130 |
Focus
⚔️ 43.7% · 🌾 56.3%
Mangudai ×86 · Scout Cavalry ×34 · Unknown (2626) ×15 · Fishing Ship ×8 · Monk ×3 · Trebuchet (Packed) ×3
Match map
Initial resources + every placement click. Lines = walls · curves = elevation contours. ◆ gold · ⬟ stone · ● berries · ✦ relic · ◌ wall gap
Your base· ✓ Map-separated
Yusutia's base· ✓ Map-separated
Smoothed initial terrain · ◌ = detected wall gap · hover for details
Inputs per minute
— CTM | Lelouch jugando borracho - - Yusutia
Build order — CTM | Lelouch jugando borracho
First 150 of 588 actions detected
| 0:03 | Queue | Villager (Male) |
| 0:03 | Queue | Villager (Male) |
| 0:03 | Queue | Villager (Male) |
| 0:03 | Queue | Villager (Male) |
| 0:04 | Build | House |
| 0:05 | Build | House |
| 0:18 | Research | Loom |
| 0:20 | Queue | Villager (Male) |
| 0:21 | Queue | Villager (Male) |
| 0:29 | Queue | Villager (Male) |
| 1:43 | Queue | Villager (Male) |
| 1:43 | Queue | Villager (Male) |
| 2:17 | Queue | Villager (Male) |
| 3:04 | Queue | Villager (Male) |
| 3:04 | Queue | Villager (Male) |
| 3:09 | Build | Settlement |
| 3:33 | Queue | Villager (Male) |
| 3:33 | Queue | Villager (Male) |
| 4:02 | Queue | Villager (Male) |
| 4:03 | Queue | Villager (Male) |
| 4:28 | Queue | Villager (Male) |
| 4:28 | Queue | Villager (Male) |
| 4:29 | Queue | Villager (Male) |
| 4:49 | Queue | Villager (Male) |
| 4:49 | Queue | Villager (Male) |
| 5:20 | Build | Palisade Wall |
| 5:21 | Build | Palisade Wall |
| 5:24 | Build | Palisade Wall |
| 5:29 | Build | Palisade Wall |
| 5:30 | Build | Palisade Wall |
| 5:30 | Queue | Villager (Male) |
| 5:31 | Queue | Villager (Male) |
| 5:47 | Build | Palisade Gate |
| 6:00 | Queue | Villager (Male) |
| 6:01 | Queue | Villager (Male) |
| 6:32 | Build | Palisade Wall |
| 6:33 | Build | Palisade Wall |
| 6:35 | Build | Palisade Wall |
| 6:36 | Queue | Villager (Male) |
| 6:36 | Queue | Villager (Male) |
| 6:46 | Queue | Villager (Male) |
| 6:49 | Build | House |
| 7:07 | Build | Settlement |
| 7:18 | Queue | Villager (Male) |
| 7:20 | Queue | Villager (Male) |
| 7:20 | Queue | Villager (Male) |
| 7:21 | Queue | Villager (Male) |
| 7:58 | Build | Palisade Gate |
| 8:10 | Queue | Villager (Male) |
| 8:10 | Queue | Villager (Male) |
| 8:17 | Queue | Villager (Male) |
| 8:18 | Queue | Villager (Male) |
| 8:48 | Queue | Villager (Male) |
| 8:48 | Queue | Villager (Male) |
| 8:55 | Queue | Villager (Male) |
| 8:56 | Queue | Villager (Male) |
| 9:07 | Build | Dock |
| 9:11 | Queue | Villager (Male) |
| 9:18 | Build | Palisade Wall |
| 9:20 | Build | Palisade Wall |
| 9:21 | Build | Palisade Wall |
| 9:55 | Queue | Villager (Male) |
| 9:57 | Queue | Fishing Ship |
| 10:09 | Queue | Villager (Male) |
| 10:22 | Build | House |
| 10:33 | Queue | Villager (Male) |
| 10:33 | Queue | Villager (Male) |
| 10:33 | Queue | Villager (Male) |
| 10:33 | Queue | Villager (Male) |
| 10:33 | Queue | Villager (Male) |
| 10:39 | Build | Palisade Wall |
| 10:40 | Build | Palisade Wall |
| 11:00 | Queue | Fishing Ship |
| 11:02 | Build | House |
| 11:03 | Build | House |
| 11:06 | Queue | Villager (Male) |
| 11:11 | Queue | Villager (Male) |
| 11:21 | Queue | Fishing Ship |
| 11:33 | Build | Palisade Wall |
| 11:34 | Build | Palisade Wall |
| 11:45 | Research | Feudal Age |
| 12:00 | Build | Dock |
| 12:52 | Queue | Fishing Ship |
| 12:55 | Queue | Fishing Ship |
| 13:20 | Build | House |
| 13:23 | Build | House |
| 13:33 | Queue | Villager (Male) |
| 13:55 | Age | Feudal Age |
| 14:04 | Build | Market |
| 14:11 | Queue | Unit 2626 |
| 14:17 | Queue | Villager (Male) |
| 14:45 | Build | Blacksmith |
| 14:47 | Queue | Villager (Male) |
| 14:49 | Queue | Villager (Male) |
| 15:00 | Queue | Unit 2626 |
| 15:00 | Queue | Unit 2626 |
| 15:04 | Queue | Unit 2626 |
| 15:16 | Queue | Villager (Male) |
| 15:45 | Build | Barracks |
| 15:51 | Build | Settlement |
| 16:24 | Research | Castle Age |
| 16:24 | Research | Castle Age |
| 16:29 | Queue | Unit 2626 ×2 |
| 16:54 | Build | Outpost |
| 16:56 | Build | Outpost |
| 17:11 | Build | Dock |
| 17:35 | Queue | Unit 2626 |
| 17:46 | Research | Double-Bit Axe |
| 17:47 | Research | Double-Bit Axe |
| 18:15 | Queue | Villager (Male) |
| 18:16 | Build | Palisade Wall |
| 18:18 | Build | Palisade Wall |
| 18:19 | Build | Palisade Wall |
| 18:33 | Queue | Unit 2626 |
| 18:52 | Queue | Unit 2626 ×2 |
| 19:04 | Age | Castle Age |
| 19:30 | Build | Castle |
| 19:53 | Queue | Villager (Male) |
| 19:57 | Research | War Galley (upgrade) |
| 19:57 | Research | War Galley (upgrade) |
| 20:00 | Queue | Villager (Male) |
| 20:00 | Queue | Villager (Male) |
| 20:00 | Queue | Villager (Male) |
| 20:10 | Queue | Unit 2626 |
| 20:11 | Queue | Unit 2626 |
| 20:18 | Research | Fletching |
| 20:18 | Research | Fletching |
| 20:31 | Queue | Villager (Male) |
| 20:33 | Queue | Unit 2626 |
| 20:33 | Queue | Unit 2626 |
| 20:34 | Queue | Villager (Male) |
| 20:34 | Queue | Villager (Male) |
| 20:51 | Research | Town Watch |
| 20:51 | Research | Town Watch |
| 20:59 | Queue | Unit 2626 |
| 20:59 | Queue | Galley |
| 20:59 | Queue | Unit 2626 |
| 20:59 | Queue | Unit 2626 |
| 21:00 | Queue | Villager (Male) |
| 21:08 | Queue | Unit 2579 |
| 21:08 | Queue | Unit 2579 |
| 21:09 | Queue | Unit 2579 |
| 21:35 | Queue | Unit 2579 |
| 21:35 | Queue | Unit 2579 |
| 21:45 | Queue | Unit 2579 |
| 21:55 | Queue | Unit 2579 |
| 21:55 | Queue | Unit 2579 |
| 22:02 | Queue | Unit 2579 |
| 22:05 | Queue | Villager (Male) |
| 22:05 | Queue | Villager (Male) |
Build order — Yusutia
First 150 of 466 actions detected
| 0:00 | Queue | Villager (Male) |
| 0:01 | Queue | Villager (Male) |
| 0:02 | Build | House |
| 0:03 | Build | House |
| 0:04 | Queue | Villager (Male) |
| 0:04 | Queue | Villager (Male) |
| 0:04 | Queue | Villager (Male) |
| 1:37 | Queue | Villager (Male) |
| 2:09 | Queue | Villager (Male) |
| 2:09 | Queue | Villager (Male) |
| 2:18 | Build | Lumber Camp |
| 2:40 | Queue | Villager (Male) |
| 2:41 | Queue | Villager (Male) |
| 3:07 | Queue | Villager (Male) |
| 3:32 | Queue | Villager (Male) |
| 3:32 | Queue | Villager (Male) |
| 3:58 | Queue | Villager (Male) |
| 4:19 | Research | Loom |
| 4:25 | Queue | Villager (Male) |
| 4:52 | Queue | Villager (Male) |
| 5:09 | Build | House |
| 5:10 | Research | Loom |
| 5:37 | Build | Dock |
| 5:38 | Queue | Villager (Male) |
| 5:57 | Queue | Villager (Male) |
| 6:06 | Build | House |
| 6:12 | Queue | Villager (Male) |
| 6:37 | Queue | Villager (Male) |
| 6:40 | Queue | Fishing Ship |
| 7:15 | Queue | Villager (Male) |
| 7:20 | Queue | Fishing Ship |
| 7:21 | Build | House |
| 7:26 | Queue | Fishing Ship |
| 7:43 | Queue | Villager (Male) |
| 7:43 | Queue | Fishing Ship |
| 8:00 | Queue | Villager (Male) |
| 8:10 | Build | House |
| 8:22 | Queue | Villager (Male) |
| 8:48 | Queue | Villager (Male) |
| 8:58 | Build | House |
| 9:00 | Queue | Fishing Ship |
| 9:11 | Build | Mill |
| 9:12 | Queue | Villager (Male) |
| 9:33 | Queue | Fishing Ship |
| 9:35 | Queue | Villager (Male) |
| 10:06 | Queue | Villager (Male) |
| 10:06 | Queue | Fishing Ship |
| 10:16 | Queue | Villager (Male) |
| 10:27 | Build | Mining Camp |
| 10:38 | Build | Palisade Wall |
| 10:49 | Research | Feudal Age |
| 11:28 | Build | Lumber Camp |
| 11:33 | Queue | Fishing Ship |
| 11:46 | Build | House |
| 12:06 | Build | Mining Camp |
| 12:39 | Queue | Villager (Male) |
| 12:59 | Age | Feudal Age |
| 13:02 | Build | Market |
| 13:07 | Build | Blacksmith |
| 13:20 | Queue | Villager (Male) |
| 13:32 | Queue | Fire Galley |
| 14:02 | Research | Castle Age |
| 14:03 | Research | Castle Age |
| 14:03 | Research | Castle Age |
| 14:18 | Build | House |
| 14:20 | Build | House |
| 14:30 | Queue | Fire Galley |
| 14:37 | Research | Double-Bit Axe |
| 14:48 | Build | Palisade Wall |
| 14:53 | Build | Palisade Wall |
| 14:55 | Build | Palisade Wall |
| 15:18 | Queue | Unit 2626 |
| 15:42 | Build | Dock |
| 15:54 | Queue | Unit 2626 |
| 15:59 | Queue | Villager (Male) |
| 16:42 | Age | Castle Age |
| 16:45 | Research | War Galley (upgrade) |
| 16:46 | Queue | Unit 2626 |
| 16:52 | Queue | Villager (Male) |
| 17:01 | Build | House |
| 17:09 | Research | Bow Saw |
| 17:12 | Research | Horse Collar |
| 17:13 | Build | Farm |
| 17:17 | Build | Farm |
| 17:17 | Build | Farm |
| 17:18 | Build | Farm |
| 17:30 | Queue | Unit 2626 |
| 17:35 | Queue | Villager (Male) |
| 17:42 | Build | Outpost |
| 17:51 | Queue | Galley |
| 17:52 | Queue | Villager (Male) |
| 18:18 | Queue | Unit 2626 |
| 18:18 | Queue | Unit 2626 |
| 18:19 | Queue | Villager (Male) |
| 18:35 | Build | Castle |
| 18:43 | Queue | Unit 2626 |
| 18:43 | Queue | Unit 2626 |
| 18:44 | Queue | Villager (Male) |
| 18:49 | Build | Farm |
| 18:50 | Build | Farm |
| 18:56 | Queue | Unit 2626 |
| 19:14 | Queue | Villager (Male) |
| 19:24 | Queue | Villager (Male) |
| 19:29 | Queue | Villager (Male) |
| 19:51 | Queue | Villager (Male) |
| 19:52 | Queue | Mangudai |
| 19:52 | Queue | Mangudai |
| 19:58 | Build | Farm |
| 19:59 | Build | Farm |
| 20:00 | Build | Farm |
| 20:04 | Build | House |
| 20:05 | Build | House |
| 20:06 | Build | House |
| 20:07 | Queue | Mangudai |
| 20:07 | Queue | Villager (Male) |
| 20:16 | Queue | Villager (Male) |
| 20:28 | Queue | Galley |
| 20:31 | Queue | Unit 2626 |
| 20:31 | Queue | Unit 2626 |
| 20:37 | Build | Farm |
| 20:43 | Build | Farm |
| 20:44 | Build | Farm |
| 20:55 | Research | Fletching |
| 20:55 | Research | Fletching |
| 21:05 | Build | Farm |
| 21:11 | Queue | Mangudai |
| 21:28 | Queue | Villager (Male) |
| 21:30 | Build | Farm |
| 21:42 | Queue | Unit 2626 |
| 21:42 | Queue | Unit 2626 |
| 22:03 | Build | Farm |
| 22:19 | Queue | Villager (Male) |
| 22:20 | Queue | Mangudai |
| 22:33 | Queue | Villager (Male) |
| 22:34 | Build | Farm |
| 22:36 | Queue | Unit 2626 |
| 22:36 | Queue | Unit 2626 |
| 22:47 | Research | Padded Archer Armor |
| 22:48 | Queue | Villager (Male) |
| 22:50 | Research | Town Watch |
| 22:54 | Research | Bodkin Arrow |
| 22:54 | Research | Bodkin Arrow |
| 22:59 | Queue | Mangudai |
| 23:00 | Queue | Mangudai |
| 23:04 | Queue | Villager (Male) |
| 23:35 | Queue | Mangudai |
| 23:35 | Queue | Villager (Male) |
| 23:38 | Queue | Villager (Male) |
| 23:46 | Queue | Villager (Male) |
| 23:52 | Build | Town Center |
Match timeline
| 5:20 | CTM | Lelouch jugando borracho · wall_segment Palisade Wall x1 |
| 5:21 | CTM | Lelouch jugando borracho · wall_segment Palisade Wall x1 |
| 5:24 | CTM | Lelouch jugando borracho · wall_segment Palisade Wall x1 |
| 5:29 | CTM | Lelouch jugando borracho · wall_segment Palisade Wall x1 |
| 5:30 | CTM | Lelouch jugando borracho · wall_segment Palisade Wall x1 |
| 5:37 | Yusutia · first_building Dock |
| 6:32 | CTM | Lelouch jugando borracho · wall_segment Palisade Wall x7 |
| 6:33 | CTM | Lelouch jugando borracho · wall_segment Palisade Wall x1 |
| 6:35 | CTM | Lelouch jugando borracho · wall_segment Palisade Wall x3 |
| 9:07 | CTM | Lelouch jugando borracho · first_building Dock |
| 9:18 | CTM | Lelouch jugando borracho · wall_segment Palisade Wall x1 |
| 9:20 | CTM | Lelouch jugando borracho · wall_segment Palisade Wall x1 |
| 9:21 | CTM | Lelouch jugando borracho · wall_segment Palisade Wall x1 |
| 10:38 | Yusutia · wall_segment Palisade Wall x1 |
| 10:39 | CTM | Lelouch jugando borracho · wall_segment Palisade Wall x1 |
| 10:40 | CTM | Lelouch jugando borracho · wall_segment Palisade Wall x1 |
| 11:33 | CTM | Lelouch jugando borracho · wall_segment Palisade Wall x1 |
| 11:34 | CTM | Lelouch jugando borracho · wall_segment Palisade Wall x1 |
| 12:59 | Yusutia · age_up feudal |
| 13:55 | CTM | Lelouch jugando borracho · age_up feudal |
| 14:48 | Yusutia · wall_segment Palisade Wall x1 |
| 14:53 | Yusutia · wall_segment Palisade Wall x1 |
| 14:55 | Yusutia · wall_segment Palisade Wall x5 |
| 15:45 | CTM | Lelouch jugando borracho · first_building Barracks |
| 16:42 | Yusutia · age_up castle |
| 18:16 | CTM | Lelouch jugando borracho · wall_segment Palisade Wall x1 |
| 18:18 | CTM | Lelouch jugando borracho · wall_segment Palisade Wall x1 |
| 18:19 | CTM | Lelouch jugando borracho · wall_segment Palisade Wall x1 |
| 18:35 | Yusutia · first_building Castle |
| 19:04 | CTM | Lelouch jugando borracho · age_up castle |
| 19:30 | CTM | Lelouch jugando borracho · first_building Castle |
| 20:31 | CTM | Lelouch jugando borracho · first_market_buy 100 food |
| 22:50 | CTM | Lelouch jugando borracho · first_market_sell 100 stone |
| 22:54 | Yusutia · first_market_sell 100 food |
| 25:02 | CTM | Lelouch jugando borracho · wall_segment Stone Wall x1 |
| 25:08 | CTM | Lelouch jugando borracho · wall_segment Stone Wall x1 |
| 25:37 | CTM | Lelouch jugando borracho · wall_segment Stone Wall x5 |
| 27:36 | Yusutia · first_building Monastery |
| 31:45 | Yusutia · age_up imperial |
| 33:25 | CTM | Lelouch jugando borracho · first_building Monastery |
| 35:10 | CTM | Lelouch jugando borracho · first_building Siege Workshop |
| 36:11 | CTM | Lelouch jugando borracho · wall_segment Palisade Wall x2 |
| 36:33 | Yusutia · first_building Barracks |
| 37:29 | Yusutia · first_building Stable |
| 37:51 | Yusutia · first_building Archery Range |
| 38:29 | CTM | Lelouch jugando borracho · age_up imperial |
| 42:13 | Yusutia · first_market_buy 100 food |
| 47:23 | CTM | Lelouch jugando borracho · resign |
[ AI ANALYSIS · 1 CREDIT ]
What really happened in this match?
Wolo.gg analyzes every decision: build order, eco, micro, common mistakes by bracket. Personalized analysis on WhatsApp or Discord in 30 seconds.
Civ guide
Tupi
Perfil
Jugador #11618587